AoeStats
← 烏雲中

Oasis

507981477Analyzed
4v4 RM · 12d ago on Sep 20, 2026· 18m 27s· 8 players
Game mode
Random Map
Map size
Large (8 player)
Population
200
Speed
Normal
Resources
Standard
Victory
Conquest
Starting age
Dark Age
Ending age
Imperial Age
RankedLock teamsTeams togetherTeam positionsShared explorationLock speedFull tech treeHidden civsTurbo modeCheats
Victory
Defeat
🇹🇼 Italians · Taiwan
1535
+8
🇹🇼 Persians · Taiwan
1469
+11
🇹🇼 Franks · Taiwan
1308
+17
🇹🇼 Magyars · Taiwan
1255
+52
🇫🇷 Vietnamese · France
1376
-15
🇹🇼 Persians · Taiwan
1370
-15
🇨🇳 Jurchens · China
1343
-14
🇳🇬 Magyars · Nigeria
1285
-12
rookie
11:11 Feudal Age
15:26 Castle Age
15:07 Loom
15:35 Double-Bit Axe
15:33 Horse Collar
Cokacolas
7:03 Loom
9:24 Feudal Age
10:53 Double-Bit Axe
13:03 Fletching
19:03 Wheelbarrow
chengaopeng044
0:39 Loom
0:39 Loom
10:48 Feudal Age
14:38 Castle Age
13:01 Double-Bit Axe
14:27 Bloodlines
19:23 Wheelbarrow
D_Baron
0:32 Loom
14:03 Feudal Age
El Хороший
1:56 Loom
14:09 Feudal Age
14:12 Man-at-Arms
14:39 Arson
17:24 Double-Bit Axe
高德納
6:39 Loom
9:29 Feudal Age
12:00 Fletching
14:29 Double-Bit Axe
17:08 Horse Collar
烏雲中
6:15 Loom
9:20 Feudal Age
9:57 Double-Bit Axe
13:39 Scale Barding Armor
17:51 Wheelbarrow
18:36 Forging
mYi | MentorSoul
4:56 Loom
9:18 Feudal Age
14:28 Double-Bit Axe
Connection lost

Rejoining the realm…

Still unreachable

The connection could not be restored.

Session expired

The server has moved on; the page needs a fresh start.